Senators vs Blues

Created - March 8, 2017 at 18:23

Goals
1 2 3 T
Senators 1 1 3 5
Blues 1 2 1 4
Shots
1 2 3 T
Senators 9 17 12 38
Blues 11 21 15 47

1st period

1. Senators , Jason Garrison 3 (Mike Hoffman, Patrick Marleau) at 8:41 (PP)
2. Blues , Nick Cousins 17 (Jiri Hudler, Jay Bouwmeester) at 12:26 (PP)

Penalties :
Mike Fisher (STL) for Tripping (Minor) at 8:05, Steve Bernier (OTT) for Interference (Minor) at 11:51, Mark Borowiecki (STL) for Hooking (Minor) at 16:04

2nd period

3. Blues , Jiri Hudler 16 (Nick Cousins) at 1:39
4. Blues , Marian Hossa 20 (Rick Nash, Mark Borowiecki) at 11:49
5. Senators , Tyler Seguin 40 (Mark Stone, Marc Methot) at 17:34

Penalties :
Paul Gaustad (OTT) for Holding (Minor) at 5:37, Rick Nash (STL) for High sticking (Minor) at 13:08, Chris Wideman (STL) for Goalie Interference (Minor) at 15:33, Michael Raffl (STL) for Roughing (Minor) at 19:41

3rd period

6. Blues , Cal Clutterbuck 20 (Nick Cousins, Jiri Hudler) at 13:42 (PP)
7. Senators , Mark Stone 38 (Tyler Seguin, Jared Cowen) at 18:19
8. Senators , Patrick Marleau 16 (Drew Doughty, Marc Methot) at 18:39
9. Senators , Mike Hoffman 26 (Derick Brassard, Michael Stone) at 19:33

Penalties :
Paul Gaustad (OTT) for High sticking (Minor) at 4:26, Mark Borowiecki (STL) for Tripping (Minor) at 9:47, Michael Stone (OTT) for Hooking (Minor) at 12:28

Goalie Stats

Tuukka Rask (OTT), 43 saves from 47 shots - (0.915), W, 28-14-4, 60:00 minutes
Karri Ramo (STL), 33 saves from 38 shots - (0.868), L, 11-16-4, 59:37 minutes

Players Stats for Senators

Player Name              G  A  P  +/- PIM S  H  SB GA TA FO     MP     PP MP  PK MP  
------------------------------------------------------------------------------------
Anton Lander             0  0  0   0  0   0  0  0  0  0  6/12    7:53   0:00   3:30 
Brayden Schenn           0  0  0   0  0   2  1  0  0  0  1/2    21:11   5:12   0:04 
Derick Brassard          0  1  1   1  0   8  3  0  0  0  19/32  20:37   5:19   0:00 
Drew Doughty             0  1  1   0  0   1  1  0  0  0  0/0    23:30   5:35   0:52 
Drew Miller              0  0  0   1  0   3  1  0  0  0  3/4    12:21   0:00   3:49 
Jakub Nakladal           0  0  0   1  0   0  4  1  0  0  0/0    11:19   0:00   0:00 
Jared Cowen              0  1  1   1  0   1  2  4  0  0  0/0    22:08   4:28   2:20 
Jason Garrison           1  0  1   1  0   2  1  2  0  0  0/0    18:48   5:35   2:41 
Lauri Korpikoski         0  0  0   1  0   0  0  0  0  0  0/2     8:06   0:00   0:00 
Marc Methot              0  2  2   0  0   0  3  2  0  0  0/0    21:24   1:01   3:13 
Mark Stone               1  1  2   0  0   4  0  3  0  0  2/2    21:07   5:12   0:00 
Michael Stone            0  1  1   1  2   2  1  1  0  0  0/0    22:50   4:23   2:28 
Mike Hoffman             1  1  2   1  0   5  0  0  0  0  2/4    20:37   5:19   0:00 
Milan Michalek           0  0  0   0  0   0  0  0  0  0  1/2     4:23   0:00   0:00 
Patrick Marleau          1  1  2   1  0   3  0  0  0  0  0/0    20:37   5:19   0:00 
Paul Gaustad             0  0  0   1  4   2  0  0  0  0  6/12    9:13   0:00   1:09 
Steve Bernier            0  0  0   0  2   1  1  1  0  0  1/2     6:58   0:00   3:02 
Tyler Seguin             1  1  2   0  0   4  1  0  0  0  13/29  21:07   5:12   0:00 

Players Stats for Blues

Player Name              G  A  P  +/- PIM S  H  SB GA TA FO     MP     PP MP  PK MP  
------------------------------------------------------------------------------------
Adam Cracknell           0  0  0   0  0   2  3  1  0  0  6/16   15:43   0:00   3:12 
Cal Clutterbuck          1  0  1  -1  0   4  1  0  0  0  1/1    16:36   2:38   0:00 
Chris Wideman            0  0  0  -1  2   0  1  0  0  0  0/0    12:12   0:00   0:46 
Clarke MacArthur         0  0  0   0  0   0  0  1  0  0  0/0     3:39   0:00   0:57 
Dwight King              0  0  0   0  0   5  0  0  0  0  0/0    12:31   0:00   0:00 
Jay Bouwmeester          0  1  1  -2  0   1  2  2  0  0  0/0    27:01   2:37   5:34 
Jay McClement            0  0  0   0  0   0  0  1  0  0  0/6     2:42   0:00   0:00 
Jiri Hudler              1  2  3  -1  0   8  0  0  0  0  0/2    19:12   2:38   2:36 
Joakim Andersson         0  0  0   0  0   0  0  0  0  0  0/0     0:24   0:00   0:24 
Johnny Boychuk           0  0  0  -2  0   0  6  2  0  0  0/0    27:01   2:37   5:34 
Marian Hossa             1  0  1  -1  0   5  0  0  0  0  7/10   20:16   3:09   2:36 
Mark Borowiecki          0  1  1   1  4   3  5  3  0  0  0/0    19:25   3:10   2:52 
Matt Carle               0  0  0   1  0   3  0  2  0  0  0/0    21:14   3:10   4:39 
Matt Irwin               0  0  0  -1  0   0  0  2  0  0  0/0    13:04   0:00   1:37 
Michael Raffl            0  0  0   0  2   2  0  0  0  0  0/0    12:30   0:00   0:00 
Mike Fisher              0  0  0  -1  2   4  6  1  0  0  21/36  25:45   3:09   5:24 
Nick Cousins             1  2  3  -1  0   2  0  1  0  0  14/30  16:36   2:38   0:00 
Rick Nash                0  1  1  -1  2   8  1  2  0  0  0/2    23:32   3:09   5:53 

3 Stars

1 - Nick Cousins (STL)
2 - Patrick Marleau (OTT)
3 - Mike Hoffman (OTT)

Power Play

Senators - 1 on 6 Attempt(s) - 16.67%
Blues - 2 on 4 Attempt(s) - 50.00%

Penalty Kill

Senators - 2 on 4 Attempt(s) - 50.00% - Score 0 goal in Penalty Kill
Blues - 5 on 6 Attempt(s) - 83.33% - Score 0 goal in Penalty Kill

Team Stat

Senators - Hits : 19 - Faceoff Wins : 54 - Blocked Shots : 14 - Penalty Minutes : 8
Blues - Hits : 25 - Faceoff Wins : 49 - Blocked Shots : 18 - Penalty Minutes : 12

Official

Referees : Kevin Pollock and Dennis LaRue
Linesman : Vaughan Rody and Steve Miller

Game Notes

No Game Note

Finance

Level 1 -- Attendance: 6310 (97.08%) -- Ticket Income $637,310
Level 2 -- Attendance: 3559 (71.18%) -- Ticket Income $302,515
Level 3 -- Attendance: 2545 (72.71%) -- Ticket Income $152,700
Level 4 -- Attendance: 2044 (64.89%) -- Ticket Income $91,980
Luxury Box -- Attendance: 990 (99.00%) -- Ticket Income $198,000
Game was played at the Scottrade Center.
Total Attendance: 15448 (80.67%)
Total Ticket Income: $1,382,505
Other Income: $207,376
Total Income: $1,589,881

% Time on Ice - Senators

Lines # - Real PCT - Wanted PCT - Time Play
Normal Forward
1 - 37% - 36% - 15:55
2 - 35% - 34% - 15:18
3 - 19% - 20% - 8:06
4 - 9% - 10% - 3:57
Normal Defense
1 - 37% - 36% - 15:57
2 - 37% - 34% - 16:00
3 - 19% - 20% - 8:23
4 - 7% - 10% - 2:56
PP Forward
1 - 49% - 50% - 5:12
2 - 51% - 50% - 5:19
PP Defense
1 - 53% - 50% - 5:35
2 - 47% - 50% - 4:56
PK Forward
1 - 39% - 50% - 2:14
2 - 61% - 50% - 3:33
PK Defense
1 - 54% - 50% - 3:06
2 - 46% - 50% - 2:41
PK3 Forward
1 - 0% - 50%
2 - 0% - 50%
PK3 Defense
1 - 0% - 50%
2 - 0% - 50%
44 Forward
1 - 0% - 52%
2 - 0% - 48%
44 Defense
1 - 0% - 52%
2 - 0% - 48%
Last Minute Offensive  - 0:00
Last Minute Defensive  - 0:26
Total
Forward - 60:00
Defense - 60:00

% Time on Ice - Blues

Lines # - Real PCT - Wanted PCT - Time Play
Normal Forward
1 - 33% - 40% - 14:05
2 - 32% - 30% - 13:58
3 - 29% - 20% - 12:31
4 - 6% - 10% - 2:42
Normal Defense
1 - 38% - 40% - 16:38
2 - 31% - 30% - 13:25
3 - 26% - 20% - 11:27
4 - 4% - 10% - 1:46
PP Forward
1 - 54% - 60% - 3:09
2 - 46% - 40% - 2:38
PP Defense
1 - 45% - 60% - 2:37
2 - 55% - 40% - 3:10
PK Forward
1 - 75% - 60% - 7:55
2 - 25% - 40% - 2:36
PK Defense
1 - 53% - 60% - 5:34
2 - 47% - 40% - 4:57
PK3 Forward
1 - 0% - 60%
2 - 0% - 40%
PK3 Defense
1 - 0% - 60%
2 - 0% - 40%
44 Forward
1 - 0% - 60%
2 - 0% - 40%
44 Defense
1 - 0% - 60%
2 - 0% - 40%
Last Minute Offensive  - 0:26
Last Minute Defensive  - 0:00
Total
Forward - 60:00
Defense - 60:00

Play by Play

1st period


0:01 of 1st period - Tyler Seguin wins face-off versus Mike Fisher in neutral zone.
0:29 of 1st period - Mark Stone is hit by Johnny Boychuk and loses puck.
0:37 of 1st period - Brayden Schenn is hit by Johnny Boychuk and loses puck.
0:57 of 1st period - Icing by Jay Bouwmeester.
0:58 of 1st period - Derick Brassard wins face-off versus Marian Hossa in Blues zone.
0:58 of 1st period - Mike Hoffman is hit by Johnny Boychuk.
1:02 of 1st period - Shot by Derick Brassard.
1:02 of 1st period - Shot Blocked by Rick Nash.
1:08 of 1st period - Shot by Mike Hoffman.
1:08 of 1st period - Stopped by Karri Ramo without a rebound.
1:09 of 1st period - Paul Gaustad wins face-off versus Nick Cousins in Blues zone.
1:09 of 1st period - Paul Gaustad is hit by Mark Borowiecki.
1:11 of 1st period - Shot by Drew Miller.
1:11 of 1st period - Shot Blocked by Mark Borowiecki.
1:18 of 1st period - Jiri Hudler is hit by Jakub Nakladal and loses puck.
1:28 of 1st period - Nick Cousins is hit by Jason Garrison and loses puck.
1:34 of 1st period - Nick Cousins is hit by Jakub Nakladal and loses puck.
1:43 of 1st period - Shot by Nick Cousins.
1:43 of 1st period - Shot Blocked by Jason Garrison.
1:45 of 1st period - Shot by Jiri Hudler.
1:45 of 1st period - Shot Misses the Net.
2:01 of 1st period - Shot by Dwight King.
2:01 of 1st period - Stopped by Tuukka Rask without a rebound.
2:02 of 1st period - Derick Brassard wins face-off versus Adam Cracknell in Senators zone.
2:35 of 1st period - Shot by Jared Cowen.
2:35 of 1st period - Stopped by Karri Ramo without a rebound.
2:36 of 1st period - Anton Lander wins face-off versus Jay McClement in Blues zone.
2:40 of 1st period - Milan Michalek is hit by Johnny Boychuk and loses puck.
3:00 of 1st period - Johnny Boychuk is hit by Marc Methot and loses puck.
3:16 of 1st period - Shot by Mike Fisher.
3:16 of 1st period - Stopped by Tuukka Rask without a rebound.
3:17 of 1st period - Nick Cousins wins face-off versus Tyler Seguin in Senators zone.
3:18 of 1st period - Shot by Jiri Hudler.
3:18 of 1st period - Stopped by Tuukka Rask without a rebound.
3:19 of 1st period - Tyler Seguin wins face-off versus Nick Cousins in Senators zone.
3:26 of 1st period - Shot by Tyler Seguin.
3:26 of 1st period - Stopped by Karri Ramo without a rebound.
3:27 of 1st period - Derick Brassard wins face-off versus Nick Cousins in Blues zone.
3:27 of 1st period - Derick Brassard is hit by Mark Borowiecki.
3:48 of 1st period - Icing by Michael Stone.
3:49 of 1st period - Mike Fisher wins face-off versus Mike Hoffman in Senators zone.
4:31 of 1st period - Shot by Marian Hossa.
4:31 of 1st period - Stopped by Tuukka Rask without a rebound.
4:32 of 1st period - Tyler Seguin wins face-off versus Adam Cracknell in Senators zone.
4:39 of 1st period - Shot by Tyler Seguin.
4:39 of 1st period - Stopped by Karri Ramo without a rebound.
4:40 of 1st period - Tyler Seguin wins face-off versus Nick Cousins in Blues zone.
4:40 of 1st period - Tyler Seguin is hit by Mark Borowiecki.
4:42 of 1st period - Shot by Mark Stone.
4:42 of 1st period - Shot Blocked by Mark Borowiecki.
5:04 of 1st period - Shot by Nick Cousins.
5:04 of 1st period - Shot Blocked by Mark Stone.
5:06 of 1st period - Shot by Cal Clutterbuck.
5:06 of 1st period - Stopped by Tuukka Rask without a rebound.
5:07 of 1st period - Adam Cracknell wins face-off versus Lauri Korpikoski in Senators zone.
5:31 of 1st period - Shot by Michael Raffl.
5:31 of 1st period - Stopped by Tuukka Rask without a rebound.
5:32 of 1st period - Tyler Seguin wins face-off versus Mike Fisher in Senators zone.
5:57 of 1st period - Shot by Rick Nash.
5:57 of 1st period - Shot Blocked by Jakub Nakladal.
5:59 of 1st period - Shot by Marian Hossa.
5:59 of 1st period - Deflect By Rick Nash.
5:59 of 1st period - Shot Misses the Net.
6:01 of 1st period - Shot by Rick Nash.
6:01 of 1st period - Stopped by Tuukka Rask without a rebound.
6:02 of 1st period - Derick Brassard wins face-off versus Nick Cousins in Senators zone.
6:07 of 1st period - Shot by Mike Hoffman.
6:07 of 1st period - Shot Misses the Net.
6:14 of 1st period - Off-side.
6:15 of 1st period - Paul Gaustad wins face-off versus Adam Cracknell in neutral zone.
7:23 of 1st period - Drew Doughty is hit by Mike Fisher and loses puck.
7:27 of 1st period - Marc Methot is hit by Mike Fisher and loses puck.
7:39 of 1st period - Icing by Johnny Boychuk.
7:40 of 1st period - Mike Fisher wins face-off versus Derick Brassard in Blues zone.
8:05 of 1st period - Minor Penalty to Mike Fisher for Tripping.
8:06 of 1st period - Adam Cracknell wins face-off versus Tyler Seguin in Blues zone.
8:17 of 1st period - Shot by Mark Stone.
8:17 of 1st period - Stopped by Karri Ramo without a rebound.
8:18 of 1st period - Derick Brassard wins face-off versus Adam Cracknell in Blues zone.
8:27 of 1st period - Shot by Derick Brassard.
8:27 of 1st period - Shot Misses the Net.
8:29 of 1st period - Shot by Mike Hoffman.
8:29 of 1st period - Shot Blocked by Matt Carle.
8:39 of 1st period - Shot by Mike Hoffman.
8:39 of 1st period - Shot Blocked by Mark Borowiecki.
8:41 of 1st period - Shot by Jason Garrison.
8:41 of 1st period - Goal by Jason Garrison - Senators : 1 - Blues : 0.
8:42 of 1st period - Nick Cousins wins face-off versus Tyler Seguin in neutral zone.
8:47 of 1st period - Shot by Jay Bouwmeester.
8:47 of 1st period - Shot Blocked by Mark Stone.
9:01 of 1st period - Off-side.
9:02 of 1st period - Derick Brassard wins face-off versus Jay McClement in neutral zone.
9:07 of 1st period - Shot by Mike Hoffman.
9:07 of 1st period - Shot Blocked by Clarke MacArthur.
9:09 of 1st period - Shot by Derick Brassard.
9:09 of 1st period - Shot Blocked by Jay McClement.
9:11 of 1st period - Shot by Derick Brassard.
9:11 of 1st period - Stopped by Karri Ramo without a rebound.
9:12 of 1st period - Tyler Seguin wins face-off versus Nick Cousins in Blues zone.
9:21 of 1st period - Shot by Mark Stone.
9:21 of 1st period - Shot Blocked by Johnny Boychuk.
10:40 of 1st period - Icing by Matt Carle.
10:41 of 1st period - Mike Fisher wins face-off versus Milan Michalek in Blues zone.
10:41 of 1st period - Mike Fisher is hit by Steve Bernier.
10:56 of 1st period - Shot by Milan Michalek.
10:56 of 1st period - Shot Misses the Net.
11:07 of 1st period - Mike Fisher is hit by Jakub Nakladal and loses puck.
11:21 of 1st period - Icing by Steve Bernier.
11:22 of 1st period - Steve Bernier wins face-off versus Adam Cracknell in Senators zone.
11:51 of 1st period - Minor Penalty to Steve Bernier for Interference.
11:52 of 1st period - Brayden Schenn wins face-off versus Nick Cousins in Senators zone.
12:26 of 1st period - Shot by Nick Cousins.
12:26 of 1st period - Goal by Nick Cousins - Senators : 1 - Blues : 1.
12:27 of 1st period - Derick Brassard wins face-off versus Mike Fisher in neutral zone.
12:32 of 1st period - Shot by Mike Hoffman.
12:32 of 1st period - Shot Blocked by Matt Carle.
12:44 of 1st period - Shot by Mike Fisher.
12:44 of 1st period - Shot Misses the Net.
12:48 of 1st period - Shot by Mike Fisher.
12:48 of 1st period - Shot Misses the Net.
12:50 of 1st period - Shot by Mark Borowiecki.
12:50 of 1st period - Shot Misses the Net.
12:52 of 1st period - Shot by Mike Fisher.
12:52 of 1st period - Shot Misses the Net.
12:54 of 1st period - Shot by Mark Borowiecki.
12:54 of 1st period - Shot Blocked by Jared Cowen.
13:09 of 1st period - Marian Hossa is hit by Derick Brassard and loses puck.
13:37 of 1st period - Shot by Dwight King.
13:37 of 1st period - Stopped by Tuukka Rask with a rebound.
13:39 of 1st period - Shot by Dwight King.
13:39 of 1st period - Deflect By Adam Cracknell.
13:39 of 1st period - Shot Misses the Net.
13:49 of 1st period - Shot by Adam Cracknell.
13:49 of 1st period - Shot Misses the Net.
14:53 of 1st period - Shot by Mark Stone.
14:53 of 1st period - Shot Hit the Post.
15:21 of 1st period - Shot by Cal Clutterbuck.
15:21 of 1st period - Stopped by Tuukka Rask without a rebound.
15:22 of 1st period - Mike Fisher wins face-off versus Paul Gaustad in Senators zone.
15:27 of 1st period - Shot by Marian Hossa.
15:27 of 1st period - Shot Misses the Net.
15:52 of 1st period - Drew Miller is hit by Mark Borowiecki and loses puck.
16:04 of 1st period - Minor Penalty to Mark Borowiecki for Hooking.
16:05 of 1st period - Mike Fisher wins face-off versus Derick Brassard in Blues zone.
16:22 of 1st period - Shot by Derick Brassard.
16:22 of 1st period - Stopped by Karri Ramo without a rebound.
16:23 of 1st period - Marian Hossa wins face-off versus Tyler Seguin in Blues zone.
17:20 of 1st period - Shot by Derick Brassard.
17:20 of 1st period - Shot Misses the Net.
17:22 of 1st period - Shot by Drew Doughty.
17:22 of 1st period - Shot Misses the Net.
17:24 of 1st period - Shot by Jason Garrison.
17:24 of 1st period - Deflect By Mike Hoffman.
17:24 of 1st period - Shot Misses the Net.
17:26 of 1st period - Shot by Drew Doughty.
17:26 of 1st period - Stopped by Karri Ramo with a rebound.
19:30 of 1st period - Shot by Adam Cracknell.
19:30 of 1st period - Stopped by Tuukka Rask without a rebound.
19:31 of 1st period - Derick Brassard wins face-off versus Mike Fisher in Senators zone.
Goals for this period are 1 for Senators vs 1 for Blues.
Shots for this period are 9 for Senators vs 11 for Blues.

2nd period


0:01 of 2nd period - Tyler Seguin wins face-off versus Mike Fisher in neutral zone.
0:14 of 2nd period - Shot by Mark Stone.
0:14 of 2nd period - Shot Misses the Net.
0:21 of 2nd period - Tyler Seguin is hit by Johnny Boychuk and loses puck.
0:35 of 2nd period - Icing by Marc Methot.
0:36 of 2nd period - Nick Cousins wins face-off versus Tyler Seguin in Senators zone.
0:41 of 2nd period - Shot by Jiri Hudler.
0:41 of 2nd period - Shot Blocked by Mark Stone.
0:55 of 2nd period - Shot by Mark Stone.
0:55 of 2nd period - Stopped by Karri Ramo without a rebound.
0:56 of 2nd period - Adam Cracknell wins face-off versus Derick Brassard in Blues zone.
0:56 of 2nd period - Adam Cracknell is hit by Derick Brassard.
1:08 of 2nd period - Shot by Adam Cracknell.
1:08 of 2nd period - Stopped by Tuukka Rask with a rebound.
1:13 of 2nd period - Dwight King is hit by Jared Cowen and loses puck.
1:20 of 2nd period - Shot by Dwight King.
1:20 of 2nd period - Stopped by Tuukka Rask without a rebound.
1:21 of 2nd period - Mike Fisher wins face-off versus Paul Gaustad in Senators zone.
1:30 of 2nd period - Shot by Rick Nash.
1:30 of 2nd period - Shot Misses the Net.
1:32 of 2nd period - Shot by Rick Nash.
1:32 of 2nd period - Stopped by Tuukka Rask without a rebound.
1:33 of 2nd period - Nick Cousins wins face-off versus Derick Brassard in Senators zone.
1:33 of 2nd period - Nick Cousins is hit by Drew Doughty.
1:39 of 2nd period - Shot by Jiri Hudler.
1:39 of 2nd period - Goal by Jiri Hudler - Senators : 1 - Blues : 2.
1:40 of 2nd period - Mike Fisher wins face-off versus Mike Hoffman in neutral zone.
1:47 of 2nd period - Shot by Marian Hossa.
1:47 of 2nd period - Shot Misses the Net.
1:49 of 2nd period - Shot by Mike Fisher.
1:49 of 2nd period - Shot Blocked by Marc Methot.
1:51 of 2nd period - Shot by Marian Hossa.
1:51 of 2nd period - Deflect By Rick Nash.
1:51 of 2nd period - Stopped by Tuukka Rask without a rebound.
1:52 of 2nd period - Nick Cousins wins face-off versus Tyler Seguin in Senators zone.
1:52 of 2nd period - Mark Borowiecki is hit by Jared Cowen and loses puck.
3:04 of 2nd period - Off-side.
3:05 of 2nd period - Paul Gaustad wins face-off versus Marian Hossa in neutral zone.
3:14 of 2nd period - Marian Hossa is hit by Drew Miller and loses puck.
3:20 of 2nd period - Icing by Johnny Boychuk.
3:21 of 2nd period - Mike Hoffman wins face-off versus Mike Fisher in Blues zone.
3:22 of 2nd period - Shot by Derick Brassard.
3:22 of 2nd period - Deflect By Mike Hoffman.
3:22 of 2nd period - Stopped by Karri Ramo with a rebound.
3:27 of 2nd period - Rick Nash is hit by Marc Methot.
3:33 of 2nd period - Shot by Rick Nash.
3:33 of 2nd period - Stopped by Tuukka Rask without a rebound.
3:34 of 2nd period - Mark Stone wins face-off versus Adam Cracknell in Senators zone.
4:06 of 2nd period - Shot by Tyler Seguin.
4:06 of 2nd period - Shot Blocked by Adam Cracknell.
4:08 of 2nd period - Shot by Michael Stone.
4:08 of 2nd period - Stopped by Karri Ramo without a rebound.
4:09 of 2nd period - Mike Hoffman wins face-off versus Mike Fisher in Blues zone.
4:12 of 2nd period - Shot by Patrick Marleau.
4:12 of 2nd period - Stopped by Karri Ramo without a rebound.
4:13 of 2nd period - Mike Fisher wins face-off versus Derick Brassard in Blues zone.
4:50 of 2nd period - Shot by Rick Nash.
4:50 of 2nd period - Stopped by Tuukka Rask without a rebound.
4:51 of 2nd period - Tyler Seguin wins face-off versus Nick Cousins in Senators zone.
5:08 of 2nd period - Shot by Brayden Schenn.
5:08 of 2nd period - Stopped by Karri Ramo without a rebound.
5:09 of 2nd period - Paul Gaustad wins face-off versus Adam Cracknell in Blues zone.
5:37 of 2nd period - Minor Penalty to Paul Gaustad for Holding.
5:38 of 2nd period - Anton Lander wins face-off versus Rick Nash in Senators zone.
5:56 of 2nd period - Shot by Marian Hossa.
5:56 of 2nd period - Stopped by Tuukka Rask without a rebound.
5:57 of 2nd period - Drew Miller wins face-off versus Nick Cousins in Senators zone.
6:16 of 2nd period - Shot by Jiri Hudler.
6:16 of 2nd period - Shot Blocked by Jared Cowen.
6:18 of 2nd period - Shot by Mark Borowiecki.
6:18 of 2nd period - Shot Blocked by Jason Garrison.
6:32 of 2nd period - Shot by Nick Cousins.
6:32 of 2nd period - Deflect By Jiri Hudler.
6:32 of 2nd period - Shot Blocked by Steve Bernier.
6:34 of 2nd period - Shot by Mark Borowiecki.
6:34 of 2nd period - Stopped by Tuukka Rask without a rebound.
6:35 of 2nd period - Mike Fisher wins face-off versus Anton Lander in Senators zone.
6:48 of 2nd period - Mike Fisher is hit by Marc Methot and loses puck.
6:55 of 2nd period - Shot by Marian Hossa.
6:55 of 2nd period - Shot Misses the Net.
6:57 of 2nd period - Shot by Mike Fisher.
6:57 of 2nd period - Stopped by Tuukka Rask without a rebound.
6:58 of 2nd period - Nick Cousins wins face-off versus Steve Bernier in Senators zone.
7:05 of 2nd period - Shot by Nick Cousins.
7:05 of 2nd period - Shot Misses the Net.
7:07 of 2nd period - Shot by Jay Bouwmeester.
7:07 of 2nd period - Stopped by Tuukka Rask without a rebound.
7:08 of 2nd period - Mike Fisher wins face-off versus Anton Lander in Senators zone.
7:13 of 2nd period - Shot by Marian Hossa.
7:13 of 2nd period - Shot Misses the Net.
7:15 of 2nd period - Shot by Mark Borowiecki.
7:15 of 2nd period - Shot Misses the Net.
7:39 of 2nd period - Shot by Mike Fisher.
7:39 of 2nd period - Shot Misses the Net.
8:50 of 2nd period - Icing by Michael Stone.
8:51 of 2nd period - Mike Fisher wins face-off versus Tyler Seguin in Senators zone.
9:08 of 2nd period - Shot by Rick Nash.
9:08 of 2nd period - Shot Misses the Net.
9:18 of 2nd period - Shot by Marian Hossa.
9:18 of 2nd period - Shot Misses the Net.
9:54 of 2nd period - Shot by Drew Miller.
9:54 of 2nd period - Stopped by Karri Ramo without a rebound.
9:55 of 2nd period - Adam Cracknell wins face-off versus Derick Brassard in Blues zone.
10:20 of 2nd period - Shot by Dwight King.
10:20 of 2nd period - Stopped by Tuukka Rask without a rebound.
10:21 of 2nd period - Nick Cousins wins face-off versus Lauri Korpikoski in Senators zone.
10:24 of 2nd period - Shot by Nick Cousins.
10:24 of 2nd period - Deflect By Cal Clutterbuck.
10:24 of 2nd period - Shot Misses the Net.
10:33 of 2nd period - Lauri Korpikoski is hit by Cal Clutterbuck and loses puck.
10:53 of 2nd period - Shot by Nick Cousins.
10:53 of 2nd period - Stopped by Tuukka Rask without a rebound.
10:54 of 2nd period - Derick Brassard wins face-off versus Adam Cracknell in Senators zone.
11:09 of 2nd period - Shot by Derick Brassard.
11:09 of 2nd period - Shot Misses the Net.
11:13 of 2nd period - Shot by Derick Brassard.
11:13 of 2nd period - Stopped by Karri Ramo without a rebound.
11:14 of 2nd period - Mike Fisher wins face-off versus Tyler Seguin in Blues zone.
11:47 of 2nd period - Shot by Rick Nash.
11:47 of 2nd period - Shot Blocked by Michael Stone.
11:49 of 2nd period - Shot by Marian Hossa.
11:49 of 2nd period - Goal by Marian Hossa - Senators : 1 - Blues : 3.
11:50 of 2nd period - Cal Clutterbuck wins face-off versus Derick Brassard in neutral zone.
11:55 of 2nd period - Shot by Jiri Hudler.
11:55 of 2nd period - Stopped by Tuukka Rask without a rebound.
11:56 of 2nd period - Nick Cousins wins face-off versus Derick Brassard in Senators zone.
12:03 of 2nd period - Jay Bouwmeester is hit by Derick Brassard and loses puck.
12:12 of 2nd period - Shot by Patrick Marleau.
12:12 of 2nd period - Shot Blocked by Nick Cousins.
12:15 of 2nd period - Icing by Jiri Hudler.
12:16 of 2nd period - Nick Cousins wins face-off versus Tyler Seguin in Blues zone.
12:21 of 2nd period - Shot by Brayden Schenn.
12:21 of 2nd period - Shot Misses the Net.
12:29 of 2nd period - Shot by Tyler Seguin.
12:29 of 2nd period - Deflect By Brayden Schenn.
12:29 of 2nd period - Shot Misses the Net.
12:31 of 2nd period - Shot by Brayden Schenn.
12:31 of 2nd period - Shot Misses the Net.
12:47 of 2nd period - Shot by Cal Clutterbuck.
12:47 of 2nd period - Stopped by Tuukka Rask without a rebound.
12:48 of 2nd period - Marian Hossa wins face-off versus Derick Brassard in Senators zone.
13:08 of 2nd period - Minor Penalty to Rick Nash for High sticking.
13:09 of 2nd period - Mike Fisher wins face-off versus Tyler Seguin in Blues zone.
14:19 of 2nd period - Shot by Derick Brassard.
14:19 of 2nd period - Stopped by Karri Ramo with a rebound.
14:21 of 2nd period - Shot by Mike Hoffman.
14:21 of 2nd period - Stopped by Karri Ramo without a rebound.
14:22 of 2nd period - Marian Hossa wins face-off versus Derick Brassard in Blues zone.
15:05 of 2nd period - Shot by Michael Stone.
15:05 of 2nd period - Shot Blocked by Jay Bouwmeester.
15:07 of 2nd period - Shot by Brayden Schenn.
15:07 of 2nd period - Shot Misses the Net.
15:17 of 2nd period - Shot by Drew Miller.
15:17 of 2nd period - Stopped by Karri Ramo without a rebound.
15:18 of 2nd period - Anton Lander wins face-off versus Nick Cousins in Blues zone.
15:32 of 2nd period - Shot by Steve Bernier.
15:32 of 2nd period - Shot Misses the Net.
15:33 of 2nd period - Minor Penalty to Chris Wideman for Goalie Interference.
15:34 of 2nd period - Mike Fisher wins face-off versus Tyler Seguin in Blues zone.
17:16 of 2nd period - Shot by Tyler Seguin.
17:16 of 2nd period - Shot Misses the Net.
17:18 of 2nd period - Shot by Michael Stone.
17:18 of 2nd period - Shot Misses the Net.
17:20 of 2nd period - Shot by Brayden Schenn.
17:20 of 2nd period - Shot Misses the Net.
17:22 of 2nd period - Shot by Marc Methot.
17:22 of 2nd period - Shot Misses the Net.
17:34 of 2nd period - Shot by Tyler Seguin.
17:34 of 2nd period - Goal by Tyler Seguin - Senators : 2 - Blues : 3.
17:35 of 2nd period - Paul Gaustad wins face-off versus Jiri Hudler in neutral zone.
17:40 of 2nd period - Shot by Drew Miller.
17:40 of 2nd period - Stopped by Karri Ramo with a rebound.
17:42 of 2nd period - Shot by Lauri Korpikoski.
17:42 of 2nd period - Shot Hit the Post.
17:44 of 2nd period - Shot by Paul Gaustad.
17:44 of 2nd period - Stopped by Karri Ramo without a rebound.
17:45 of 2nd period - Nick Cousins wins face-off versus Anton Lander in Blues zone.
17:52 of 2nd period - Shot by Nick Cousins.
17:52 of 2nd period - Deflect By Jiri Hudler.
17:52 of 2nd period - Shot Misses the Net.
17:54 of 2nd period - Shot by Matt Carle.
17:54 of 2nd period - Stopped by Tuukka Rask with a rebound.
17:56 of 2nd period - Shot by Matt Carle.
17:56 of 2nd period - Shot Blocked by Marc Methot.
17:58 of 2nd period - Shot by Matt Carle.
17:58 of 2nd period - Stopped by Tuukka Rask with a rebound.
18:02 of 2nd period - Shot by Nick Cousins.
18:02 of 2nd period - Shot Misses the Net.
18:04 of 2nd period - Shot by Mark Borowiecki.
18:04 of 2nd period - Stopped by Tuukka Rask with a rebound.
18:06 of 2nd period - Shot by Mark Borowiecki.
18:06 of 2nd period - Stopped by Tuukka Rask without a rebound.
18:07 of 2nd period - Derick Brassard wins face-off versus Jay McClement in Senators zone.
18:18 of 2nd period - Shot by Patrick Marleau.
18:18 of 2nd period - Deflect By Derick Brassard.
18:18 of 2nd period - Shot Blocked by Matt Irwin.
18:20 of 2nd period - Shot by Derick Brassard.
18:20 of 2nd period - Stopped by Karri Ramo without a rebound.
18:21 of 2nd period - Tyler Seguin wins face-off versus Nick Cousins in Blues zone.
18:30 of 2nd period - Shot by Tyler Seguin.
18:30 of 2nd period - Shot Misses the Net.
19:00 of 2nd period - Shot by Mark Stone.
19:00 of 2nd period - Deflect By Tyler Seguin.
19:00 of 2nd period - Stopped by Karri Ramo without a rebound.
19:01 of 2nd period - Derick Brassard wins face-off versus Mike Fisher in Blues zone.
19:22 of 2nd period - Shot by Rick Nash.
19:22 of 2nd period - Shot Misses the Net.
19:24 of 2nd period - Shot by Mike Fisher.
19:24 of 2nd period - Stopped by Tuukka Rask without a rebound.
19:25 of 2nd period - Adam Cracknell wins face-off versus Paul Gaustad in Senators zone.
19:25 of 2nd period - Michael Raffl is hit by Jakub Nakladal and loses puck.
19:34 of 2nd period - Shot by Dwight King.
19:34 of 2nd period - Shot Misses the Net.
19:41 of 2nd period - Minor Penalty to Michael Raffl for Roughing.
19:42 of 2nd period - Mike Fisher wins face-off versus Derick Brassard in Blues zone.
19:51 of 2nd period - Shot by Michael Stone.
19:51 of 2nd period - Stopped by Karri Ramo without a rebound.
19:52 of 2nd period - Tyler Seguin wins face-off versus Rick Nash in Blues zone.
19:55 of 2nd period - Shot by Mark Stone.
19:55 of 2nd period - Stopped by Karri Ramo with a rebound.
Goals for this period are 1 for Senators vs 2 for Blues.
Shots for this period are 17 for Senators vs 21 for Blues.

3rd period


0:01 of 3rd period - Derick Brassard wins face-off versus Mike Fisher in neutral zone.
0:04 of 3rd period - Shot by Drew Doughty.
0:04 of 3rd period - Shot Misses the Net.
0:20 of 3rd period - Shot by Mike Hoffman.
0:20 of 3rd period - Shot Misses the Net.
0:22 of 3rd period - Shot by Derick Brassard.
0:22 of 3rd period - Stopped by Karri Ramo without a rebound.
0:23 of 3rd period - Mike Fisher wins face-off versus Tyler Seguin in Blues zone.
0:23 of 3rd period - Mike Fisher is hit by Brayden Schenn.
0:29 of 3rd period - Michael Stone is hit by Mike Fisher and loses puck.
0:43 of 3rd period - Off-side.
0:44 of 3rd period - Derick Brassard wins face-off versus Mike Fisher in neutral zone.
0:59 of 3rd period - Shot by Derick Brassard.
0:59 of 3rd period - Shot Misses the Net.
1:05 of 3rd period - Shot by Mike Hoffman.
1:05 of 3rd period - Shot Misses the Net.
1:15 of 3rd period - Shot by Patrick Marleau.
1:15 of 3rd period - Shot Blocked by Rick Nash.
1:17 of 3rd period - Shot by Drew Doughty.
1:17 of 3rd period - Deflect By Derick Brassard.
1:17 of 3rd period - Shot Misses the Net.
1:51 of 3rd period - Jared Cowen is hit by Adam Cracknell and loses puck.
1:55 of 3rd period - Icing by Michael Stone.
1:56 of 3rd period - Tyler Seguin wins face-off versus Nick Cousins in Senators zone.
2:15 of 3rd period - Shot by Tyler Seguin.
2:15 of 3rd period - Shot Misses the Net.
3:57 of 3rd period - Shot by Patrick Marleau.
3:57 of 3rd period - Shot Hit the Post.
4:26 of 3rd period - Minor Penalty to Paul Gaustad for High sticking.
4:27 of 3rd period - Anton Lander wins face-off versus Mike Fisher in Senators zone.
4:33 of 3rd period - Icing by Marian Hossa.
4:34 of 3rd period - Mike Fisher wins face-off versus Anton Lander in Blues zone.
4:41 of 3rd period - Shot by Rick Nash.
4:41 of 3rd period - Shot Misses the Net.
4:43 of 3rd period - Shot by Rick Nash.
4:43 of 3rd period - Stopped by Tuukka Rask with a rebound.
4:47 of 3rd period - Shot by Rick Nash.
4:47 of 3rd period - Stopped by Tuukka Rask without a rebound.
4:48 of 3rd period - Drew Miller wins face-off versus Nick Cousins in Senators zone.
5:00 of 3rd period - Off-side.
5:01 of 3rd period - Drew Miller wins face-off versus Mike Fisher in neutral zone.
5:01 of 3rd period - Steve Bernier is hit by Mike Fisher and loses puck.
5:34 of 3rd period - Shot by Steve Bernier.
5:34 of 3rd period - Stopped by Karri Ramo without a rebound.
5:35 of 3rd period - Nick Cousins wins face-off versus Drew Miller in Blues zone.
6:00 of 3rd period - Shot by Jiri Hudler.
6:00 of 3rd period - Stopped by Tuukka Rask without a rebound.
6:01 of 3rd period - Anton Lander wins face-off versus Marian Hossa in Senators zone.
6:01 of 3rd period - Anton Lander is hit by Rick Nash.
6:29 of 3rd period - Shot by Derick Brassard.
6:29 of 3rd period - Shot Blocked by Matt Irwin.
6:34 of 3rd period - Mike Hoffman is hit by Chris Wideman and loses puck.
7:14 of 3rd period - Mike Hoffman is hit by Adam Cracknell and loses puck.
8:51 of 3rd period - Drew Miller is hit by Mark Borowiecki and loses puck.
9:06 of 3rd period - Shot by Jiri Hudler.
9:06 of 3rd period - Stopped by Tuukka Rask without a rebound.
9:07 of 3rd period - Milan Michalek wins face-off versus Jay McClement in Senators zone.
9:07 of 3rd period - Anton Lander is hit by Mike Fisher and loses puck.
9:47 of 3rd period - Minor Penalty to Mark Borowiecki for Tripping.
9:48 of 3rd period - Marian Hossa wins face-off versus Tyler Seguin in Blues zone.
10:43 of 3rd period - Shot by Patrick Marleau.
10:43 of 3rd period - Shot Blocked by Johnny Boychuk.
11:05 of 3rd period - Shot by Jason Garrison.
11:05 of 3rd period - Stopped by Karri Ramo without a rebound.
11:06 of 3rd period - Marian Hossa wins face-off versus Brayden Schenn in Blues zone.
11:19 of 3rd period - Shot by Brayden Schenn.
11:19 of 3rd period - Stopped by Karri Ramo without a rebound.
11:20 of 3rd period - Marian Hossa wins face-off versus Derick Brassard in Blues zone.
11:28 of 3rd period - Off-side.
11:29 of 3rd period - Mike Fisher wins face-off versus Tyler Seguin in neutral zone.
12:07 of 3rd period - Shot by Mike Hoffman.
12:07 of 3rd period - Stopped by Karri Ramo with a rebound.
12:19 of 3rd period - Shot by Patrick Marleau.
12:19 of 3rd period - Stopped by Karri Ramo without a rebound.
12:20 of 3rd period - Nick Cousins wins face-off versus Paul Gaustad in Blues zone.
12:28 of 3rd period - Minor Penalty to Michael Stone for Hooking.
12:29 of 3rd period - Nick Cousins wins face-off versus Anton Lander in Senators zone.
12:46 of 3rd period - Shot by Jay Bouwmeester.
12:46 of 3rd period - Shot Blocked by Jared Cowen.
12:48 of 3rd period - Shot by Jiri Hudler.
12:48 of 3rd period - Stopped by Tuukka Rask without a rebound.
12:49 of 3rd period - Mike Fisher wins face-off versus Paul Gaustad in Senators zone.
13:12 of 3rd period - Shot by Matt Carle.
13:12 of 3rd period - Stopped by Tuukka Rask with a rebound.
13:26 of 3rd period - Shot by Marian Hossa.
13:26 of 3rd period - Stopped by Tuukka Rask without a rebound.
13:27 of 3rd period - Anton Lander wins face-off versus Nick Cousins in Senators zone.
13:42 of 3rd period - Shot by Cal Clutterbuck.
13:42 of 3rd period - Goal by Cal Clutterbuck - Senators : 2 - Blues : 4.
13:43 of 3rd period - Tyler Seguin wins face-off versus Adam Cracknell in neutral zone.
14:16 of 3rd period - Michael Raffl is hit by Michael Stone and loses puck.
14:41 of 3rd period - Shot by Rick Nash.
14:41 of 3rd period - Deflect By Mike Fisher.
14:41 of 3rd period - Stopped by Tuukka Rask without a rebound.
14:42 of 3rd period - Derick Brassard wins face-off versus Nick Cousins in Senators zone.
14:58 of 3rd period - Shot by Jiri Hudler.
14:58 of 3rd period - Stopped by Tuukka Rask without a rebound.
14:59 of 3rd period - Marian Hossa wins face-off versus Paul Gaustad in Senators zone.
15:27 of 3rd period - Shot by Marian Hossa.
15:27 of 3rd period - Stopped by Tuukka Rask without a rebound.
15:28 of 3rd period - Derick Brassard wins face-off versus Nick Cousins in Senators zone.
15:43 of 3rd period - Shot by Derick Brassard.
15:43 of 3rd period - Stopped by Karri Ramo without a rebound.
15:44 of 3rd period - Tyler Seguin wins face-off versus Jay McClement in Blues zone.
15:56 of 3rd period - Icing by Clarke MacArthur.
15:57 of 3rd period - Derick Brassard wins face-off versus Jay McClement in Blues zone.
15:57 of 3rd period - Derick Brassard is hit by Jay Bouwmeester.
16:39 of 3rd period - Shot by Derick Brassard.
16:39 of 3rd period - Stopped by Karri Ramo without a rebound.
16:40 of 3rd period - Nick Cousins wins face-off versus Tyler Seguin in Blues zone.
16:40 of 3rd period - Nick Cousins is hit by Tyler Seguin.
16:56 of 3rd period - Shot by Jiri Hudler.
16:56 of 3rd period - Shot Misses the Net.
16:58 of 3rd period - Shot by Jiri Hudler.
16:58 of 3rd period - Stopped by Tuukka Rask without a rebound.
16:59 of 3rd period - Paul Gaustad wins face-off versus Adam Cracknell in Senators zone.
16:59 of 3rd period - Paul Gaustad is hit by Adam Cracknell.
17:15 of 3rd period - Shot by Drew Miller.
17:15 of 3rd period - Shot Misses the Net.
17:17 of 3rd period - Shot by Paul Gaustad.
17:17 of 3rd period - Stopped by Karri Ramo without a rebound.
17:18 of 3rd period - Derick Brassard wins face-off versus Mike Fisher in Blues zone.
17:22 of 3rd period - Icing by Jay Bouwmeester.
17:23 of 3rd period - Derick Brassard wins face-off versus Mike Fisher in Blues zone.
17:23 of 3rd period - Derick Brassard is hit by Jay Bouwmeester.
17:28 of 3rd period - Derick Brassard is hit by Johnny Boychuk and loses puck.
17:51 of 3rd period - Shot by Rick Nash.
17:51 of 3rd period - Stopped by Tuukka Rask without a rebound.
17:52 of 3rd period - Mark Stone wins face-off versus Jiri Hudler in Senators zone.
18:03 of 3rd period - Shot by Matt Carle.
18:03 of 3rd period - Shot Blocked by Jared Cowen.
18:19 of 3rd period - Shot by Mark Stone.
18:19 of 3rd period - Goal by Mark Stone - Senators : 3 - Blues : 4.
18:20 of 3rd period - Derick Brassard wins face-off versus Mike Fisher in neutral zone.
18:33 of 3rd period - Shot by Derick Brassard.
18:33 of 3rd period - Shot Blocked by Jay Bouwmeester.
18:35 of 3rd period - Shot by Marc Methot.
18:35 of 3rd period - Shot Misses the Net.
18:39 of 3rd period - Shot by Patrick Marleau.
18:39 of 3rd period - Goal by Patrick Marleau - Senators : 4 - Blues : 4.
18:40 of 3rd period - Adam Cracknell wins face-off versus Tyler Seguin in neutral zone.
18:55 of 3rd period - Shot by Michael Raffl.
18:55 of 3rd period - Stopped by Tuukka Rask with a rebound.
19:05 of 3rd period - Shot by Dwight King.
19:05 of 3rd period - Stopped by Tuukka Rask without a rebound.
19:06 of 3rd period - Mike Fisher wins face-off versus Derick Brassard in Senators zone.
19:31 of 3rd period - Shot by Derick Brassard.
19:31 of 3rd period - Shot Blocked by Mike Fisher.
19:33 of 3rd period - Shot by Mike Hoffman.
19:33 of 3rd period - Goal by Mike Hoffman - Senators : 5 - Blues : 4.
19:34 of 3rd period - Mike Fisher wins face-off versus Anton Lander in neutral zone.
19:37 of 3rd period - Blues, Karri Ramo is pulled from the net.
19:56 of 3rd period - Marc Methot is hit by Mike Fisher and loses puck.
Goals for this period are 3 for Senators vs 1 for Blues.
Shots for this period are 12 for Senators vs 15 for Blues.